 Dungeon Sprint DCSS version 0.31-a0-841-g038b102fc3 (webtiles) character file.

Game seed: 2951025944097221320

690 sircluck the Grappler (level 7, -17/81 HPs)
             Began as a Troll Berserker on Sept 27, 2023.
             Was a Believer of Trog.
             Killed from afar by a bog body (23 damage)
             ... with a bolt of cold
             ... in the Dungeon (Sprint VII: "The Pits").
             The game lasted 00:00:29 (91 turns).

sircluck the Grappler (Troll Berserker)               Turns: 91, Time: 00:00:30

Health: -17/81     AC:  4    Str: 28    XL:     7   Next: 36%
Magic:  6/6        EV: 12    Int:  3    God:    Trog [**....]
Gold:   0          SH:  0    Dex:  9    Spells: 6/6 levels left

rFire   . .          .
                       - Unarmed
rCold   . . .        (no shield)
rNeg    . . .        a - +0 animal skin
rPois   .            (helmet restricted)
rElec   .            (no cloak)
rCorr   .            (gloves unavailable)
SInv    .            (boots unavailable)
Will    .....        (no amulet)
Stlth   +            (no ring)
HPRegen 1.13/turn    (no ring)
MPRegen 0.10/turn

%: no teleportation
@: on berserk cooldown, slowed, very slow
A: large, unfitting armour, claws 3, regeneration 1, shaggy fur 1, tough skin 1
a: Renounce Religion, Berserk, Trog's Hand


You were in the Dungeon.
You worshipped Trog.
Trog was pleased with you.
You visited 1 branch

Inventory:

Armour
 a - a +0 animal skin (worn)
 h - a +0 troll leather armour
Scrolls
 g - a scroll of blinking
Potions
 b - a potion of curing
 c - a potion of heal wounds
 d - a potion of haste
 e - 2 potions of magic
 f - a potion of berserk rage


   Skills:
 + Level 8.3 Fighting
 + Level 8.2 Dodging
 + Level 9.8 Unarmed Combat


You had 6 spell levels left.
You didn't know any spells.
Your spell library was empty.

Dungeon Overview and Level Annotations

Branches:
Dungeon (1/1)

Altars:


Innate Abilities, Weirdness & Mutations

You are too large for most types of armour.
You have claws for hands.
Your natural rate of healing is unusually fast.
You are covered in fur. (AC +1)
You have tough skin. (AC +1)


Message History

Your Dodging skill gained 3 levels and is now at level 8!
Your Unarmed Combat skill gained 3 levels and is now at level 9!
You have reached level 6!
You feel stronger.
You have reached level 7!
Unknown command.
Unknown command.
Unknown command.
You slam the huge gate shut with a bang, pushing everything out of the way!
You see here a deep troll corpse.
You feel a strong urge to attack something.
You see here a +0 troll leather armour.
h - a +0 troll leather armour You are no longer berserk.
You are exhausted.
You feel yourself slow down.
Something unseen opens the huge gate.
The bog body casts a spell at you.
You feel as though you will be slow longer.
The bog body gestures at you while chanting.
You feel as though you will be slow longer.
The bog body casts a spell at you.
You struggle to resist.
You open the door.
A giant cockroach comes into view.
You claw the giant cockroach!
You kill the giant cockroach!
Trog accepts your kill. The bog body touches you. The bog body freezes you!!
You scratch the bog body.
The bog body is lightly damaged.
The bog body touches you!
* * * LOW HITPOINT WARNING * * *
The bog body freezes you!!
* * * LOW HITPOINT WARNING * * *
You closely miss the bog body.
The bog body is lightly damaged.
The bog body gestures at you while chanting.
The bolt of cold hits you!!
You die...

##########++######
#................#
#......#..#......#
####.##................+
......'@n..............+
#+#####......#..#......#
#.........†......#
####'#####''######
#.......##'+#####
#.......##......#
#.......##....###
#...<...##...##
#.......##..##


You could see a bog body.

Vanquished Creatures
  A deep troll (D)
  A water moccasin (D)
  A necrophage (D)
  A giant cockroach (D)
4 creatures vanquished.

Notes
Turn   | Place    | Note
-------+----------+-------------------------------------------
     0 | D        | sircluck the Troll Berserker began the quest for the Orb.
     0 | D        | Reached XP level 1. HP: 22/22 MP: 0/0
    11 | D        | Noticed a necrophage
    11 | D        | Noticed a water moccasin
    20 | D        | Killed a water moccasin
    21 | D        | Reached skill level 5 in Fighting
    21 | D        | Reached skill level 5 in Dodging
    21 | D        | Reached skill level 6 in Unarmed Combat
    21 | D        | Reached XP level 2. HP: 34/35 MP: 1/1
    21 | D        | Reached XP level 3. HP: 41/42 MP: 2/2
    21 | D        | Reached XP level 4. HP: 49/50 MP: 3/3
    23 | D        | Killed a necrophage
    24 | D        | Reached XP level 5. HP: 46/59 MP: 4/4
    58 | D        | Noticed a deep troll
    74 | D        | Noticed a bog body
    75 | D        | Killed a deep troll
    75 | D        | Reached ** piety under Trog
    76 | D        | Reached skill level 9 in Unarmed Combat
    76 | D        | Reached XP level 6. HP: 44/74 MP: 5/5
    76 | D        | Reached XP level 7. HP: 48/81 MP: 6/6
    91 | D        | Killed from afar by a bog body

Illustrated notes

Levels and vault maps discovered:
D:        pitsprint [storerooms_1, entrance_room_1, metal_vault_6, armoury_1,
          mini_pit_1, grid_room_1, main_hall_1, silver_pit, the_coven_3,
          the_vestibule_1, steel_vault_2, golden_pit, hallway_of_sentries,
          crystal_vault_2, iron_vault_2, final_vault]

Skill      XL: |  1  2  3  4  5 |
---------------+----------------+-----
Fighting       | 5 8 |  8.3
Dodging        | 5 8 |  8.2
Unarmed Combat | 6 9 |  9.8

Action                     |  1- 3 |  4- 6 |  7- 9 || total
---------------------------+-------+-------+-------++-------
  Melee: Unarmed           |     6 |     8 |     3 ||    17
 Invoke: Berserk           |     1 |     1 |       ||     2
 Armour: Animal skin       |     5 |     8 |     3 ||    16
  Dodge: Dodged            |     2 |     3 |       ||     5

Table legend: (Time is in decaauts)
 A = Elapsed time spent in this place.
 B = Non-inter-level travel time spent in this place.
 C = Inter-level travel time spent in this place.
 D = Time resting spent in this place.
 E = Time spent auto-exploring this place.
 F = Levels seen in this place.
 G = Mean time per level.
                   A        B        C        D        E       F      G
               +--------+--------+--------+--------+--------+-----+--------+
         Total |     96 |     96 |      0 |     27 |     11 |   1 |   96.0 |
       Dungeon |     96 |     96 |      0 |     27 |     11 |   1 |   96.0 |
               +--------+--------+--------+--------+--------+-----+--------+

Top non-repeatable levels by time:
       D: 96 daAuts
